 Dungeon Crawl Stone Soup version 0.29-a0-1047-g7c58e119a4 (webtiles) character file.

Game seed: 9222741810761193895

30325 bjtr the Jinx (level 13, -3/59 HPs)
             Began as a Spriggan Arcane Marksman on Aug 16, 2022.
             Was a Believer of Elyvilon (penitent).
             Shot with an arrow by a deep elf archer (28 damage)
             ... on level 13 of the Dungeon.
             The game lasted 02:22:32 (25098 turns).

bjtr the Jinx (Spriggan Arcane Marksman)           Turns: 25098, Time: 02:22:33

Health: -3/59      AC:  5    Str:  6    XL:     13   Next: 20%
Magic:  26/38      EV: 23    Int: 14    God:    Elyvilon [**....]
Gold:   887        SH:  0    Dex: 26    Spells: 16/35 levels left

rFire   . . .      SeeInvis +   a - +0 arbalest
rCold   . . .      Faith    .   (shield currently unavailable)
rNeg    . . .      Spirit   .   D - +0 steam dragon scales
rPois   .          Reflect  .   (helmet restricted)
rElec   .          Harm     .   (no cloak)
rCorr   +          Rampage  .   (gloves unavailable)
Will    ++...                   (boots unavailable)
Stlth   ++++......              (no amulet)
HPRegen 0.19/turn               E - ring of resist corrosion
MPRegen 0.26/turn               Q - ring "Edusij" {MP+9 Dex+5}

@: very quick
A: very small, no large weapons, unfitting armour, see invisible, speed 3
a: Renounce Religion


You were on level 13 of the Dungeon.
You worshipped Elyvilon.
Elyvilon was demanding penance.
You visited 2 branches of the dungeon, and saw 14 of its levels.
You also visited: Bailey.

You collected 887 gold pieces.

Inventory:

Hand Weapons
 a - a +0 arbalest (weapon)
 b - the +8 trident of the Octopus King {venom, rElec rPois}
   (You found it on level 4 of the Dungeon)

   It poisons the flesh of those it strikes.
   rElec:     It insulates you from electricity.
   rPois:     It protects you from poison.
 y - a +0 shortbow
 H - a +3 hand axe of freezing
 J - a +0 sling of freezing
 N - a +2 sling of flaming
Missiles
 g - 86 stones
 l - 18 poisoned darts
 A - 8 curare-tipped darts
 B - 2 throwing nets
Armour
 c - a +1 robe
 n - the +3 warlock's mirror {reflect}
   (You acquired it on level 13 of the Dungeon)

   It can block and reflect piercing ranged attacks and magical attacks against
   the wielder's willpower.
 D - +0 steam dragon scales (worn)
 F - a +0 troll leather armour
 M - +0 acid dragon scales
Jewellery
 E - a ring of resist corrosion (left hand)
 Q - the ring "Edusij" (right hand) {MP+9 Dex+5}
   (You acquired it on level 12 of the Dungeon)

   [ring of magical power]

   Dex:       It affects your dexterity (+5).
   MP:        It affects your magic capacity (+9).
Wands
 p - a wand of acid (6)
 t - a wand of polymorph (6)
 w - a wand of flame (38)
 z - a wand of roots (7)
 O - a wand of mindburst (7)
Scrolls
 f - 4 scrolls of poison
 o - 2 scrolls of vulnerability
 s - 2 scrolls of amnesia
 v - 3 scrolls of enchant armour
Potions
 d - a potion of cancellation
 e - 6 potions of might
 h - 5 potions of brilliance
 i - 2 potions of attraction
 j - 3 potions of magic {unknown}
 k - 4 potions of haste
 m - 3 potions of lignification
 q - 6 potions of curing
 r - 6 potions of mutation {unknown}
 C - a potion of flight {unknown}
 G - a potion of degeneration {unknown}
 I - 2 potions of berserk rage {unknown}
 K - a potion of resistance
 L - a potion of ambrosia {unknown}


   Skills:
 + Level 2.8 Fighting
 + Level 12.8 Ranged Weapons
 + Level 6.5 Dodging
 + Level 5.5 Stealth
 * Level 0.4 Shields
 + Level 11.6 Spellcasting
 + Level 14.8 Hexes
 + Level 1.6 Translocations
 + Level 4.4 Fire Magic
 + Level 6.5 Invocations
 + Level 4.4 Evocations


You had 16 spell levels left.
You knew the following spells:

 Your Spells              Type           Power      Damage    Failure   Level
a - Slow                  Hex            100%       N/A       1%          1
b - Cause Fear            Hex            24%        N/A       1%          4
c - Inner Flame           Hex/Fire       35%        N/A       1%          3
d - Portal Projectile     Hex/Tloc       62%        N/A       1%          3
e - Tukima's Dance        Hex            49%        N/A       1%          3
f - Static Discharge      Conj/Air       8%         3-4/arc   14%         2
g - Dazzling Flash        Conj/Hex       56%        N/A       1%          3

Your spell library contained the following spells:

 Spells                   Type           Power      Damage    Failure   Level
 Apportation              Tloc           24%        N/A       4%          1
 Necrotise                Necr           32%        1d5       9%          1
 Summon Small Mammal      Summ           32%        N/A       9%          1
 Metabolic Englaciation   Hex/Ice        14%        N/A       12%         5
 Sublimation of Blood     Necr           8%         N/A       14%         2
 Wereblood                Tmut           8%         N/A       14%         2
 Ozocubu's Armour         Ice            8%         N/A       26%         3
 Iskenderun's Mystic Bla  Conj/Tloc      10%        2d4       54%         4
 Petrify                  Tmut/Erth      8%         N/A       65%         4
 Alistair's Intoxication  Tmut/Pois      5%         N/A       94%         5
 Blade Hands              Tmut           4%         N/A       94%         5
 Lightning Bolt           Conj/Air       4%         1d15      94%         5
 Starburst                Conj/Fire      7%         6d4       99%         6
 Statue Form              Tmut/Erth      5%         N/A       100%        6
 Ozocubu's Refrigeration  Ice            4%         4d8       100%        7
 Summon Hydra             Summ           4%         N/A       100%        7
 Maxwell's Capacitive Co  Air            4%         ∞         100%        8


Dungeon Overview and Level Annotations

Branches:
Dungeon (13/15)            Temple (1/1) D:5            Lair (0/5) D:8
    Orc (0/2) D:9          Bailey (visited)
 Vaults: D:13-14

Altars:
Ashenzari
Cheibriados
Dithmenos
Elyvilon
Fedhas
Gozag
Hepliaklqana
Kikubaaqudgha
Makhleb
Nemelex Xobeh
Okawaru
Qazlal
Ru
Sif Muna
Trog
Uskayaw
Vehumet
Wu Jian
Xom
Yredelemnul
Zin
The Shining One

Shops:
D:1 :   D:3 *   D:10 *

Annotations:
D:10 3 runed translucent doors, Pooter's ghost, journeyman GnSu


Innate Abilities, Weirdness & Mutations

You are very small and have problems with some larger weapons.
You are too small for most types of armour.
You have supernaturally acute eyesight. (SInv)
You cover ground extremely quickly. (Speed+++)


Message History

Confirm with . or Enter, or press ? or * to list all spells.
Aiming: Inner Flame (safe; 1% risk of failure)
Press: ? - help, Dir - move target, f - deep elf archer
Aim: a deep elf archer, wielding a +0 longbow, wearing a +0 leather armour and quivering stones (repelling missiles, chance to affect: 41%)
The deep elf archer is filled with an inner flame.
The deep elf archer shoots an arrow.
The arrow hits you!
Unknown command.
Fire: a) +0 arbalest
Press: ? - help, Shift-Dir - straight line, f/p - deep elf archer
Aim: a deep elf archer, wielding a +0 longbow, wearing a +0 leather armour and quivering stones (inner flame, repelling missiles, 14% to hit)
You magically shoot a bolt.
The bolt closely misses the deep elf archer.
The deep elf archer shoots an arrow.
The arrow closely misses you.
The deep elf archer shoots an arrow.
The arrow barely misses you.
Fire: a) +0 arbalest
Press: ? - help, Shift-Dir - straight line, f/p - deep elf archer
Aim: a deep elf archer, wielding a +0 longbow, wearing a +0 leather armour and quivering stones (inner flame, repelling missiles, 14% to hit)
You magically shoot a bolt.
The bolt misses the deep elf archer.
Unknown command.
Fire: a) +0 arbalest
Press: ? - help, Shift-Dir - straight line, f/p - deep elf archer
Aim: a deep elf archer, wielding a +0 longbow, wearing a +0 leather armour and quivering stones (inner flame, repelling missiles, 14% to hit)
You magically shoot a bolt.
The bolt hits the deep elf archer!!
Flame seeps out of the deep elf archer.
The deep elf archer is heavily wounded.
You are no longer teleporting projectiles to their destination.
The deep elf archer is engulfed in blazing flames.
Flame seeps out of the deep elf archer.
The deep elf archer shoots an arrow.
The arrow hits you!!
You hear a shout!
Unknown command.
Fire: a) +0 arbalest
Press: ? - help, Shift-Dir - straight line, f/p - deep elf archer
Aim: a deep elf archer, wielding a +0 longbow, wearing a +0 leather armour and quivering stones (flame, severely wounded, inner flame, repelling missiles, 11% to hit)
You shoot a bolt.
The bolt closely misses the deep elf archer.
The deep elf archer is engulfed in blazing flames.
Flame seeps out of the deep elf archer.
The deep elf archer shoots an arrow.
The arrow hits you!!
You die...

#.#....###..#.##.#...........#'##
#.#.##.)......##.#...............
#.#.##c...>##....#######........#
#...##e########### #.###....#
###.##.# #.# #....# .....#e####
#(# #....# .##.......##
#.######## .#..#####..##########
#.#...# ##
.#.........°e...@...####.#...###.
.#########.########.##...'...'...
## ♣♣♣♣♣♣.♣♣♣♣♣♣♣#......#...####
# #♣♣..♣.♣.......♣#≈~≈~###...# #
≈ #.~~.♣.♣.♣.≈~≈..#≈≈≈≈≈≈#...####
≈ #.≈≈≈....♣♣..♣.♣#≈≈≈≈≈≈~≈~~≈≈≈≈
≈ #♣....♣♣.♣♣♣...♣#≈≈≈≈≈≈≈≈~≈~≈≈#
#########♣.♣#####################
♣#.....#.♣.♣.#.♣.♣ #.....# #.#


You could see a deep elf archer (inner flame, repels missiles).

Vanquished Creatures
  A sphinx (D:13)
  Kirke (D:13)
  2 boulder beetles
  2 hydras
  6 centaur warriors
  A two-headed ogre (D:12)
  An anaconda (shapeshifter) (D:13)
  2 tengu warriors
  A skeletal warrior (D:13)
  Pikel (D:5)
  A wolf spider (D:13)
  An ugly thing (D:12)
  4 cyclopes
  A faun (shapeshifter) (D:13)
  3 manticores
  An eye of devastation (shapeshifter) (D:13)
  Joseph (D:9)
  3 unseen horrors
  3 unseen horror zombies (D:9)
  A komodo dragon (D:13)
  5 trolls
  A shadow (D:11)
  Sigmund (D:5)
  A water elemental (D:13)
  21 yaks
  A wraith (D:10)
  2 hogs (D:13)
  A wyvern (D:9)
  Eustachio (D:5)
  3 vampire mosquitoes (D:13)
  A basilisk (D:13)
  A steam dragon (D:7)
  2 acid dragons
  Duvessa (D:6)
  2 water moccasins (D:9)
  5 orc warriors
  A sky beast (D:6)
  2 ice beasts (D:5)
  2 black bears
  5 wolves
  13 centaurs
  2 phantoms
  A kobold brigand (D:7)
  4 bullfrogs
  2 necrophages
  6 scorpions
  3 wights (D:8)
  Dowan (D:6)
  5 killer bees
  7 electric eels
  5 howler monkeys
  3 centaur zombies (D:9)
  6 hounds
  4 orc priests
  A gnoll bouda (D:7)
  A jelly (D:4)
  7 iguanas
  4 orc wizards
  3 howler monkey zombies (D:9)
  15 gnolls
  9 adders
  A shadow imp (D:6)
  An ufetubus (D:4)
  A worm (D:4)
  3 dart slugs
  43 orcs
  6 ball pythons
  6 endoplasms
  6 giant cockroaches
  14 goblins
  4 hobgoblins
  10 jackals
  11 kobolds
  A quokka (D:1)
  A bat (shapeshifter) (D:13)
  4 bats
  4 frilled lizards
  3 rats (D:1)
317 creatures vanquished.

Vanquished Creatures (collateral kills)
  2 centaur warriors (D:13)
2 creatures vanquished.

Vanquished Creatures (others)
  A human (D:13)
  A howler monkey (D:8)
  7 fungi (D:6)
  3 plants (D:13)
12 creatures vanquished.

Grand Total: 331 creatures vanquished

Notes
Turn   | Place    | Note
-------+----------+-------------------------------------------
     0 | D:1      | bjtr the Spriggan Arcane Marksman began the quest for the
                  | Orb.
     0 | D:1      | Reached XP level 1. HP: 9/9 MP: 3/3
   164 | D:1      | Reached skill level 4 in Hexes
   199 | D:1      | Reached XP level 2. HP: 14/14 MP: 3/5
   292 | D:1      | Found Veuch's Vocational Training.
   668 | D:2      | Reached XP level 3. HP: 17/17 MP: 4/7
  1438 | D:2      | Reached XP level 4. HP: 21/21 MP: 4/8
  1624 | D:2      | Reached skill level 5 in Ranged Weapons
  1624 | D:2      | Reached skill level 5 in Dodging
  1624 | D:2      | Reached skill level 5 in Stealth
  1624 | D:2      | Reached skill level 7 in Hexes
  1624 | D:2      | Reached XP level 5. HP: 27/27 MP: 8/14
  1630 | D:2      | Learned a level 4 spell: Cause Fear
  1634 | D:2      | Learned a level 3 spell: Inner Flame
  1638 | D:2      | Learned a level 3 spell: Portal Projectile
  2307 | D:3      | Identified the +2 leather armour of the Will of the Gods
                  | {-Cast +Blink rElec rF+}
  2404 | D:3      | Learned a level 3 spell: Tukima's Dance
  2447 | D:3      | Found a shimmering altar of Xom.
  2616 | D:3      | Found a hazy altar of Hepliaklqana.
  2965 | D:3      | Found Zin's Purification Station.
  2965 | D:3      | Found a glowing silver altar of Zin.
  2985 | D:3      | Found a hide-covered altar of Uskayaw.
  3316 | D:4      | Found the +8 trident of the Octopus King {venom, rElec
                  | rPois}
  3701 | D:4      | Reached XP level 6. HP: 32/32 MP: 14/16
  4919 | D:5      | Entered Level 5 of the Dungeon
  5028 | D:5      | Found a shadowy altar of Dithmenos.
  5054 | D:5      | Noticed an ice beast
  5064 | D:5      | Killed an ice beast
  5065 | D:5      | Reached XP level 7. HP: 35/35 MP: 4/18
  5069 | D:5      | Noticed Pikel
  5349 | D:5      | Noticed Sigmund
  5354 | D:5      | Killed Sigmund
  5355 | D:5      | Reached skill level 8 in Hexes
  5452 | D:5      | Reached skill level 1 in Fire Magic
  5764 | D:5      | Reached XP level 8. HP: 39/39 MP: 14/19
  5895 | D:5      | Noticed Eustachio
  6215 | D:5      | Found a staircase to the Ecumenical Temple.
  6251 | Temple   | Entered the Ecumenical Temple
  6613 | D:5      | Killed Pikel
  6621 | D:5      | Killed Eustachio
  6953 | D:6      | Learned a level 2 spell: Static Discharge
  7055 | D:6      | Reached skill level 9 in Hexes
  7717 | D:6      | Found a white marble altar of Elyvilon.
  7725 | D:6      | Became a worshipper of Elyvilon the Healer
  7853 | D:6      | Noticed Dowan
  7857 | D:6      | Noticed Duvessa
  7862 | D:6      | Killed Dowan
  7863 | D:6      | Reached XP level 9. HP: 43/43 MP: 11/21
  7991 | D:6      | Killed Duvessa
  8124 | D:6      | Found a shimmering blue altar of Sif Muna.
  8258 | D:7      | Found a flagged portal.
  8311 | Bailey   | Entered a bailey
 10046 | D:7      | Reached * piety under Elyvilon
 10316 | D:7      | Reached skill level 10 in Hexes
 11111 | D:8      | Noticed a troll
 11117 | D:8      | Killed a troll
 11141 | D:8      | Reached XP level 10. HP: 37/47 MP: 12/23
 11604 | D:8      | Found a staircase to the Lair.
 11889 | D:8      | Found a stormy altar of Qazlal.
 12045 | D:8      | Reached ** piety under Elyvilon
 12698 | D:8      | Upgraded the game from 0.29-a0-1043-g569b05d6ff to
                  | 0.29-a0-1047-g7c58e119a4
 12768 | D:8      | Reached skill level 11 in Hexes
 13132 | D:8      | Found a bloodstained altar of Trog.
 13351 | D:9      | Found a radiant altar of Vehumet.
 13803 | D:9      | Found a sparkling altar of Nemelex Xobeh.
 13843 | D:9      | Noticed Joseph
 13884 | D:9      | Killed Joseph
 14144 | D:9      | Reached *** piety under Elyvilon
 14267 | D:9      | Found a basalt altar of Yredelemnul.
 14617 | D:9      | Elyvilon protects you from harm!
 14618 | D:9      | Reached skill level 10 in Ranged Weapons
 15225 | D:9      | Found a staircase to the Orcish Mines.
 15274 | D:9      | Reached XP level 11. HP: 51/51 MP: 21/25
 15578 | D:10     | Entered Level 10 of the Dungeon
 15707 | D:10     | Found a transporter.
 15713 | D:10     | Found a transporter.
 15713 | D:10     | Found a transporter.
 15750 | D:10     | Found Gozag's Platinum Reserve.
 15759 | D:10     | Found an opulent altar of Gozag.
 15799 | D:10     | Found a transporter.
 16060 | D:10     | Found a runed translucent gate.
 16060 | D:10     | Found a runed translucent gate.
 16060 | D:10     | Found a runed translucent gate.
 16336 | D:10     | Learned a level 3 spell: Dazzling Flash
 16773 | D:10     | Noticed Pooter's ghost (journeyman GnSu)
 18025 | D:11     | Reached skill level 12 in Hexes
 18213 | D:11     | Noticed a tengu warrior
 18248 | D:11     | Noticed a centaur warrior
 18268 | D:11     | Reached **** piety under Elyvilon
 18292 | D:11     | Killed a centaur warrior
 18355 | D:11     | Killed a tengu warrior
 18538 | D:11     | Reached skill level 1 in Translocations
 18830 | D:12     | Noticed a two-headed ogre
 19012 | D:12     | Reached skill level 10 in Spellcasting
 19021 | D:12     | Killed a two-headed ogre
 19025 | D:12     | Noticed a boulder beetle
 19096 | D:12     | Killed a boulder beetle
 19169 | D:12     | Noticed a five-headed hydra
 19202 | D:12     | Killed a five-headed hydra
 19203 | D:12     | Reached skill level 5 in Invocations
 19547 | D:12     | Noticed a cyan ugly thing
 19578 | D:12     | Killed a cyan ugly thing
 19579 | D:12     | Reached skill level 13 in Hexes
 19579 | D:12     | Reached XP level 12. HP: 56/56 MP: 27/27
 19729 | D:12     | Identified a scroll of acquirement
 19729 | D:12     | Acquired the ring "Edusij" {MP+9 Dex+5}
 20269 | D:13     | Noticed a centaur warrior
 20285 | D:13     | Killed a centaur warrior
 20290 | D:13     | Noticed Kirke
 21301 | D:13     | Noticed a centaur warrior
 21302 | D:13     | Noticed a centaur warrior
 21672 | D:13     | Noticed an eight-headed hydra
 21697 | D:13     | Killed an eight-headed hydra
 22594 | D:13     | Noticed a sphinx
 22624 | D:13     | Killed a sphinx
 22625 | D:13     | Reached skill level 14 in Hexes
 22837 | D:13     | Noticed a centaur warrior
 22837 | D:13     | Noticed an anaconda
 22877 | D:13     | Noticed a centaur warrior
 22881 | D:13     | Killed a centaur warrior
 22907 | D:13     | Killed an anaconda
 23202 | D:13     | Killed Kirke
 23208 | D:13     | Killed a centaur warrior
 23282 | D:13     | Noticed a centaur warrior
 23287 | D:13     | Killed a centaur warrior
 23316 | D:13     | Noticed a centaur warrior
 23453 | D:13     | Killed a centaur warrior
 23454 | D:13     | Reached XP level 13. HP: 42/59 MP: 29/29
 23851 | D:13     | Elyvilon protects you from harm!
 23852 | D:13     | HP: 1/59 [centaur warrior/arrow (21)]
 23868 | D:13     | Was placed under penance by Elyvilon
 24248 | D:13     | Acquired the +3 warlock's mirror {reflect}
 24248 | D:13     | Found the +3 warlock's mirror {reflect}
 25076 | D:13     | Identified the +5 quarterstaff "Xaterath" {antimagic, rC++}
 25098 | D:13     | Shot with an arrow by a deep elf archer

Illustrated notes

Levels and vault maps discovered:
D:1:      matt_arrival_grand_opening, layout_rooms, nicolae_shop_vocational
D:2:      layout_loops_ring
D:3:      layout_basic, nicolae_uskayaw_suspiria,
          worldfamousw_hep_ancestral_shrine, zin_purify,
          mainiacjoe_overflow_paths
D:4:      layout_basic, minmay_distorted
D:5:      layout_rooms, grunt_dithmenos_smoke, minmay_temple_entry_antechambers,
          uniq_eustachio, uniq_pikel, uniq_sigmund
D:6:      layout_basic, mainiacjoe_overflow_alcove_1,
          mainiacjoe_overflow_boulevard, uniq_duvessa
D:7:      layout_rooms, enter_bailey_5, kennysheep_opposing_triangles
D:8:      layout_basic, trog_butcher_becter, grunt_qazlal_clouds,
          erik_lair_island, nicolae_titane
D:9:      layout_stronghold, nicolae_yredelemnul_corpse_copse,
          nemelex_diamond_rough_becter, vehumet_altar_wand_db, orc_0_dummy,
          kennysheep_pointless_box, uniq_joseph
D:10:     layout_roguey, nicolae_gozag_zags_fifth_avenue,
          gammafunk_ghost_necromancy, nicolae_transporter_circle
D:11:     layout_roguey, minivault_20
D:12:     layout_cave_pools
D:13:     nzn_winding_woodlands_stair_cross
          [nzn_winding_woodlands_5x15_pathside_ponds,
          nzn_winding_woodlands_center_triple_pond,
          nzn_winding_woodlands_5x15_concentric,
          nzn_winding_woodlands_5x5_checkerboard,
          nzn_winding_woodlands_5x5_cross, nzn_winding_woodlands_5x15_pockets,
          nzn_winding_woodlands_center_lodge,
          nzn_winding_woodlands_5x15_river_crossing], layout_basic, uniq_kirke
Temple:   compressed_dpeg_triangle_lava_temple

Skill      XL: |  1  2  3  4  5  6  7  8  9 10 11 12 |
---------------+-------------------------------------+-----
Hexes          | 4 7 8 9 10 11 13 14 | 14.8
Spellcasting   | 2 6 7 8 9 10 11 | 11.6
Ranged Weapons | 3 5 6 7 8 10 11 12 | 12.8
Fighting       | 2 |  2.8
Dodging        | 5 6 |  6.5
Stealth        | 5 |  5.5
Invocations    | 3 5 6 |  6.5
Evocations     | 4 |  4.4
Fire Magic     | 1 2 3 4 |  4.4
Translocations | 1 |  1.6
Shields        | |  0.4

Action                   |  1- 3 |  4- 6 |  7- 9 | 10-12 | 13-15 || total
-------------------------+-------+-------+-------+-------+-------++-------
Melee: Dagger            |    23 |     9 |       |       |       ||    32
       Trident           |       |     2 |    57 |    27 |       ||    86
       Arbalest          |       |       |       |       |     2 ||     2
 Fire: Sling             |   101 |   152 |   198 |   203 |       ||   654
       Arbalest          |       |       |       |   157 |    40 ||   197
 Cast: Slow              |    50 |    40 |    66 |    63 |     4 ||   223
       Inner Flame       |       |    27 |    62 |   138 |    14 ||   241
       Portal Projectile |       |       |     5 |    10 |     1 ||    16
       Tukima's Dance    |       |       |       |     1 |       ||     1
Invok: Heal Self         |       |       |       |    12 |     1 ||    13
Evoke: Wand              |       |       |       |     9 |       ||     9
  Use: Scroll            |       |    13 |     8 |     3 |     3 ||    27
       Potion            |       |     1 |     3 |     3 |     2 ||     9
 Stab: Sleeping          |       |       |     3 |       |       ||     3
Armor: Robe              |     5 |       |     6 |       |       ||    11
       Steam dragon scal |       |       |     1 |    22 |     2 ||    25
Dodge: Dodged            |    56 |    32 |   154 |   198 |    32 ||   472
Block: Reflection        |       |       |       |     2 |       ||     2

Table legend: (Time is in decaauts)
 A = Elapsed time spent in this place.
 B = Non-inter-level travel time spent in this place.
 C = Inter-level travel time spent in this place.
 D = Time resting spent in this place.
 E = Time spent auto-exploring this place.
 F = Levels seen in this place.
 G = Mean time per level.
                   A        B        C        D        E       F      G
               +--------+--------+--------+--------+--------+-----+--------+
         Total |  21119 |  20571 |    548 |  11806 |   5442 |  15 | 1407.9 |
       Dungeon |  20178 |  19639 |    539 |  11303 |   5259 |  13 | 1552.2 |
        Temple |    198 |    189 |      9 |      0 |    180 |   1 |  198.0 |
        Bailey |    741 |    741 |      0 |    503 |      2 |   1 |  741.0 |
               +--------+--------+--------+--------+--------+-----+--------+

Top non-repeatable levels by time:
    D:13: 4182 daAuts
     D:7: 2077 daAuts
     D:9: 1934 daAuts
     D:4: 1840 daAuts
    D:10: 1727 daAuts
    D:12: 1522 daAuts
     D:6: 1398 daAuts
     D:8: 1323 daAuts
     D:2: 984 daAuts
     D:3: 953 daAuts
    D:11: 900 daAuts
     D:5: 834 daAuts
  Bailey: 741 daAuts
     D:1: 499 daAuts
  Temple: 198 daAuts
